 Dungeon Crawl Stone Soup version 0.26.1-11-gd32895ea62 (webtiles) character file.

Game seed: 14363128628241634718

9637 KamiKatze the Slicer (level 11, -19/72 HPs)
             Began as a Kobold Gladiator on July 21, 2021.
             Was a Believer of Ashenzari.
             Demolished by an enormous slime creature (76 damage)
             ... on level 9 of the Dungeon.
             The game lasted 00:56:20 (11795 turns).

KamiKatze the Slicer (Kobold Gladiator)            Turns: 11795, Time: 00:56:20

Health: -19/72     AC:  4    Str: 14    XL:     11   Next: 78%
Magic:  11/11      EV: 28    Int:  9    God:    Ashenzari [**....]
Gold:   486        SH:  5    Dex: 24    Spells: 10/10 levels left

rFire    . . .     SeeInvis .   a - +0 rapier (venom) (curse)
rCold    . . .     Faith    .   (shield restricted)
rNeg     . . .     Spirit   .   A - +0 robe (curse)
rPois    .         Reflect  +   H - +0 helmet (curse)
rElec    .         Harm     .   (no cloak)
rCorr    .         Rampage  .   (no gloves)
Will     .....                  u - +0 pair of boots (curse)
Stlth    ++++++....             B - amulet of reflection (curse)
HPRegen  0.22/turn              k - +6 ring of dexterity (curse)
MPRegen  0.12/turn              n - ring of stealth

@: no status effects
A: small, nightstalker 3
a: Renounce Religion, Curse Item, Scrying


You were on level 9 of the Dungeon.
You worshipped Ashenzari.
Ashenzari was pleased with you.
You visited 2 branches of the dungeon, and saw 11 of its levels.
You also visited: Sewer and Ossuary.

You collected 558 gold pieces.
You spent 72 gold pieces at shops.

Inventory:

Hand Weapons
 a - a cursed +0 rapier of venom (weapon)
 p - a +0 hunting sling
 K - the +9 staff of Olgreb {rPois∞}
   (You found it on level 5 of the Dungeon)

   It grants immunity to poison.
Missiles
 d - 3 throwing nets (quivered)
 C - 50 poisoned darts
 E - 7 curare-tipped darts
Armour
 b - a +0 leather armour
 c - a +0 helmet
 e - a +0 scale mail
 f - a +0 kite shield
 s - a +2 robe of fire resistance
 u - a cursed +0 pair of boots (worn)
 A - a cursed +0 robe (worn)
 D - a +0 plate armour
 H - a cursed +0 helmet (worn)
 J - the cursed +1 robe "Ugagobb" {rElec Str+2 Stlth-}
   (You found it on level 4 of the Dungeon)

   It affects your strength (+2).
   It insulates you from electricity.
   It makes you less stealthy.
   It has a curse placed upon it.
Jewellery
 g - an uncursed ring of ice
 k - a cursed +6 ring of dexterity (left hand)
 n - a ring of stealth (right hand)
 B - a cursed amulet of reflection (around neck)
 L - an uncursed ring of resist corrosion
Wands
 l - a wand of flame (36)
 O - a wand of acid (18)
 R - a wand of disintegration (22)
 V - a wand of paralysis (24)
Scrolls
 i - 4 scrolls of blinking
 j - 3 scrolls of fear
 o - 2 scrolls of enchant armour {unknown}
 r - a scroll of amnesia {unknown}
 t - a scroll of fog {unknown}
 w - 10 scrolls of teleportation
 y - 2 scrolls of immolation
 G - 3 scrolls of enchant weapon {unknown}
 I - 4 scrolls of magic mapping
 M - 2 scrolls of noise {unknown}
 N - a scroll of summoning {unknown}
 T - 3 scrolls of identify
 W - a scroll of remove curse
Potions
 h - 6 potions of lignification
 m - 8 potions of curing
 q - 3 potions of resistance
 v - 6 potions of mutation
 x - 4 potions of attraction
 z - 3 potions of heal wounds
 F - a potion of berserk rage
 P - 6 potions of flight
 Q - 2 potions of cancellation
 S - 2 potions of brilliance
 U - 2 potions of haste


   Skills:
 + Level 9.9 Fighting
 - Level 12.6(14.5) Short Blades
 - Level 6.0 Throwing
 + Level 11.1(12.4) Dodging
 + Level 4.5(5.9) Stealth
 * Level 2.5 Shields
 + Level 5.0(6.4) Evocations


You had 10 spell levels left.
You didn't know any spells.
Your spell library contained the following spells:

 Spells                   Type           Power        Failure   Level
 Magic Dart               Conj           0%           36%         1
 Blink                    Tloc           N/A          50%         2
 Call Imp                 Summ           0%           50%         2
 Slow                     Hex            0%           50%         2
 Confusing Touch          Hex            0%           75%         3
 Conjure Flame            Conj/Fire      0%           75%         3
 Gell's Gravitas          Tloc           0%           75%         3
 Mephitic Cloud           Conj/Pois/Air  0%           75%         3
 Petrify                  Tmut/Erth      0%           98%         4
 Metabolic Englaciation   Hex/Ice        0%           100%        5
 Yara's Violent Unravell  Hex/Tmut       0%           100%        5


Dungeon Overview and Level Annotations

Branches:
Dungeon (10/15)            Temple (1/1) D:4            Lair (0/6) D:10
    Orc (0/2) D:9           Sewer (visited)         Ossuary (visited)

Altars:
Ashenzari
Cheibriados
Dithmenos
Elyvilon
Fedhas
Gozag
Hepliaklqana
Kikubaaqudgha
Nemelex Xobeh
Okawaru
Qazlal
Ru
Sif Muna
Trog
Uskayaw
Wu Jian
Xom
Yredelemnul
Zin
The Shining One

Shops:
D:5 ?   D:10 }

Annotations:
D:9 1 runed translucent door, exclusions: cane toad and player ghost, Ijustatesigmund's ghost, novice OpFi


Innate Abilities, Weirdness & Mutations

You are small and have problems with some larger weapons.
You are completely attuned to the shadows.


Message History

The slime creature misses you. x2
You climb upwards.
Level annotation: 1 runed translucent door, exclusions: cane toad and player ghost, Ijustatesigmund's ghost, novice OpFi
There is a stone staircase leading down here.
You block the slime creature's attack.
The slime creature completely misses you.
The slime creature closely misses you.
Two slime creatures merge to form a very large slime creature.
Two slime creatures merge to form an enormous slime creature.
The enormous slime creature completely misses you.
You hit the enormous slime creature but do no damage.
You block the enormous slime creature's attack.
You hit the enormous slime creature but do no damage.
You puncture the enormous slime creature!
The enormous slime creature is lightly wounded.
You hit the enormous slime creature but do no damage.
The enormous slime creature is lightly wounded.
The enormous slime creature hits you!!!!
Ouch! That really hurt!
You die...

#.########..#######..##
#.# #..# #..##
#.########..#######....
#..(...................
#...............<......
#......................
#............>.........
#......................
#.....@J...............
#######################


You could see an enormous slime creature.

Vanquished Creatures
  Erica (D:9)
  A cyclops (D:7)
  Joseph (D:8)
  A gargoyle (D:10)
  2 trolls
  Grinder (D:5)
  Prince Ribbit (D:8)
  Sigmund (D:2)
  A wyvern (D:10)
  2 wraiths (D:10)
  6 yaks (D:10)
  An ice beast (D:9)
  A black bear (D:8)
  2 phantoms
  Purgy (Sewer)
  5 orc warriors
  2 sky beasts
  7 ogres
  A necrophage (D:8)
  2 wolves (D:10)
  4 centaurs
  Blork the orc (D:4)
  3 big kobolds
  3 bullfrogs
  4 gnoll sergeants (D:9)
  4 water moccasin zombies (Ossuary)
  4 scorpions
  4 wights (D:6)
  3 electric eels
  2 howler monkeys
  2 bullfrog zombies
  4 orc priests
  4 jellies
  14 orc wizards
  3 centaur skeletons
  5 hounds
  3 iguanas
  Jessica (D:2)
  A bullfrog skeleton (D:5)
  Ijyb (D:5)
  7 worker ants
  A killer bee zombie (D:6)
  4 big kobold zombies (Ossuary)
  2 hound zombies
  2 mummies (Ossuary)
  A hound skeleton (D:8)
  11 adders
  2 shadow imps
  2 ufetubi
  6 oozes
  3 adder zombies (Ossuary)
  A worm (D:3)
  A dart slug (D:1)
  8 leopard geckos
  57 orcs
  8 giant cockroaches
  A gnoll zombie (Ossuary)
  4 goblins
  8 hobgoblins
  11 jackals
  3 quokkas
  A ball python (D:3)
  A ball python zombie (D:6)
  6 bats
  5 frilled lizards
  13 hobgoblin zombies (Ossuary)
  11 kobolds
  3 kobold zombies (Ossuary)
  A leopard gecko skeleton (D:4)
  3 orc zombies (Ossuary)
  10 rats
307 creatures vanquished.

Notes
Turn   | Place    | Note
-------+----------+-------------------------------------------
     0 | D:1      | KamiKatze the Kobold Gladiator began the quest for the Orb.
     0 | D:1      | Reached XP level 1. HP: 12/12 MP: 1/1
   161 | D:1      | Reached XP level 2. HP: 18/18 MP: 2/2
   681 | D:1      | Reached XP level 3. HP: 22/22 MP: 3/3
  1388 | D:2      | Noticed Sigmund
  1405 | D:2      | Killed Sigmund
  1406 | D:2      | Reached skill level 6 in Short Blades
  1406 | D:2      | Reached XP level 4. HP: 21/28 MP: 4/4
  1406 | D:2      | Reached XP level 5. HP: 24/32 MP: 5/5
  1406 | D:2      | Reached XP level 6. HP: 27/37 MP: 6/6
  1651 | D:2      | Found a white marble altar of Elyvilon.
  1958 | D:2      | Noticed Jessica
  1969 | D:2      | Killed Jessica
  2350 | D:3      | Found a sparkling altar of Nemelex Xobeh.
  2933 | D:3      | Found a faded altar of an unknown god.
  3597 | D:4      | Reached skill level 5 in Dodging
  3597 | D:4      | Reached skill level 1 in Stealth
  3609 | D:4      | Reached XP level 7. HP: 36/42 MP: 7/7
  3754 | D:4      | Found an opulent altar of Gozag.
  3754 | D:4      | Noticed Blork the orc
  3757 | D:4      | Found a shimmering blue altar of Sif Muna.
  3761 | D:4      | Killed Blork the orc
  3762 | D:4      | Reached skill level 7 in Short Blades
  3772 | D:4      | Found a hide-covered altar of Uskayaw.
  3802 | D:4      | Found a shadowy altar of Dithmenos.
  3961 | D:4      | Got a heavily jewelled robe
  4136 | D:4      | Found a staircase to the Ecumenical Temple.
  4149 | Temple   | Entered the Ecumenical Temple
  4356 | Temple   | Became a worshipper of Ashenzari the Shackled
  4356 | Temple   | Identified the cursed +1 robe "Ugagobb" {rElec Str+2
                  | Stlth-} (You found it on level 4 of the Dungeon)
  4704 | D:4      | Reached XP level 8. HP: 12/48 MP: 8/8
  4979 | D:4      | Reached skill level 8 in Short Blades
  4990 | D:5      | Entered Level 5 of the Dungeon
  5005 | D:5      | Found the +9 staff of Olgreb {rPois∞}
  5075 | D:5      | Found Ygexafiv's Magic Scroll Boutique.
  5131 | D:5      | Noticed Grinder
  5133 | D:5      | Paralysed by Grinder for 3 turns
  5357 | D:5      | Killed Grinder
  5358 | D:5      | Reached skill level 5 in Fighting
  5358 | D:5      | Reached skill level 9 in Short Blades
  5358 | D:5      | Reached skill level 5 in Throwing
  5380 | D:5      | Noticed Ijyb
  5614 | D:5      | Killed Ijyb
  5615 | D:5      | Reached XP level 9. HP: 52/54 MP: 9/9
  5854 | D:6      | Found a hazy altar of Hepliaklqana.
  5895 | D:6      | Found a glowing drain.
  5915 | Sewer    | Entered a sewer
  5922 | Sewer    | Noticed Purgy
  5924 | Sewer    | Killed Purgy
  6365 | D:6      | Reached skill level 10 in Short Blades
  6487 | D:6      | Reached skill level 1 in Evocations
  6601 | D:6      | Reached * piety under Ashenzari
  7414 | D:7      | Noticed a cyclops
  7431 | D:7      | Killed a cyclops
  7432 | D:7      | Reached skill level 11 in Short Blades
  7432 | D:7      | Reached XP level 10. HP: 58/61 MP: 10/10
  7960 | D:8      | Noticed Joseph
  7987 | D:8      | Killed Joseph
  8039 | D:8      | Found a sand-covered staircase.
  8045 | Ossuary  | Entered an ossuary
  8258 | Ossuary  | Reached skill level 12 in Short Blades
  8715 | D:8      | Found a basalt altar of Yredelemnul.
  8794 | D:8      | Noticed Prince Ribbit
  8798 | D:8      | Killed Prince Ribbit
  9670 | D:9      | Reached ** piety under Ashenzari
  9834 | D:9      | Noticed Erica
  9836 | D:9      | Killed Erica
  9863 | D:9      | Found a runed translucent door.
  9864 | D:9      | Noticed a cane toad
  9865 | D:9      | Noticed Ijustatesigmund's ghost (novice OpFi)
  9888 | D:9      | Found a staircase to the Orcish Mines.
 10026 | D:5      | Bought a scroll of remove curse for 36 gold pieces
 10040 | D:5      | Bought a scroll of remove curse for 36 gold pieces
 10172 | D:9      | Reached XP level 11. HP: 54/69 MP: 11/11
 10239 | D:9      | Reached skill level 10 in Dodging
 10569 | D:10     | Entered Level 10 of the Dungeon
 11002 | D:10     | Reached skill level 1 in Shields
 11309 | D:10     | Found Ytely's Gadget Boutique.
 11463 | D:10     | Found a staircase to the Lair.
 11669 | D:10     | Reached skill level 5 in Evocations
 11795 | D:9      | Demolished by an enormous slime creature

Illustrated notes

Levels and vault maps discovered:
D:1:      amcnicky_arrival_choice, layout_basic, chequers_garden
D:2:      layout_basic, elyvilon_altar_3, minmay_pentomino_s4, uniq_jessica,
          uniq_sigmund
D:3:      layout_basic, chequers_ecumenical_altar_grove,
          nemelex_spade_bored_becter
D:4:      minmay_general_purpose_star, layout_rooms,
          grunt_temple_overflow_lords_of_destruction,
          grunt_temple_overflow_open, minmay_temple_entry_glassed_door,
          uniq_blork_the_orc
D:5:      layout_rooms, serial_shops, shop_scrolls, uniq_grinder, uniq_ijyb
D:6:      layout_basic, nicolae_overflow_crystal_walls, gup_sewer_entry_pipe
D:7:      layout_loops_ring, minmay_shattered_shrine
D:8:      layout_basic, lemuel_round_altar, enter_ossuary_1, uniq_joseph,
          uniq_prince_ribbit1
D:9:      lemuel_flame_loot_2, layout_long_grid,
          kennysheep_orc_monster_closet_entryway, ebering_ghost_inner_flame,
          uniq_erica
D:10:     layout_irregular_city, erik_lair_island, serial_shops,
          nicolae_shop_stone, serial_glass, glass_columns_a, glass_columns_b,
          hangedman_little_slice_of_home
Temple:   nicolae_temple_figure_eight

Skill      XL: |  1  2  3  4  5  6  7  8  9 10 11 |
---------------+----------------------------------+-----
Dodging        | 4 5 6 7 9 11 | 11.1
Fighting       | 3 4 5 6 8 9 |  9.9
Short Blades   | 6 7 9 11 12 | 12.6
Throwing       | 3 4 5 6 |  6.0
Stealth        | 1 2 3 4 |  4.5
Evocations     | 3 4 5 |  5.0
Shields        | 2 |  2.5

Action                   |  1- 3 |  4- 6 |  7- 9 | 10-12 || total
-------------------------+-------+-------+-------+-------++-------
Melee: Rapier            |    81 |    79 |   487 |   577 ||  1224
Throw: Throwing net      |       |       |     1 |       ||     1
Invok: Curse Item        |       |       |     4 |     2 ||     6
Evoke: Wand              |       |       |       |     2 ||     2
  Use: Scroll            |       |       |    11 |     7 ||    18
       Potion            |       |       |     3 |     1 ||     4
 Stab: Sleeping          |    11 |    11 |    42 |    41 ||   105
       Held in net/web   |       |       |     3 |       ||     3
       Distracted        |       |       |     1 |     2 ||     3
Armor: Leather armour    |     7 |     3 |       |       ||    10
       Robe              |       |     4 |    35 |    26 ||    65
Dodge: Dodged            |    73 |    46 |   319 |   368 ||   806
Block: Other             |       |     7 |    82 |    79 ||   168
       Reflection        |       |     1 |     1 |       ||     2
